 Dungeon Crawl Stone Soup version 0.31-a0-175-g9f7f995f2b (webtiles) character file.

Game seed: 450054575169743947

9401 Moral the Nimble (level 11, -1/58 HPs)
             Began as a Spriggan Hedge Wizard on June 18, 2023.
             Was a Priest of Fedhas.
             Shot with an arrow by an orc warrior (6 damage)
             ... on level 2 of the Orcish Mines.
             The game lasted 01:03:24 (11597 turns).

Moral the Nimble (Spriggan Hedge Wizard)           Turns: 11597, Time: 01:03:24

Health: -1/58      AC:  2    Str:  6    XL:     11   Next: 22%
Magic:  16/20      EV: 25    Int: 18    God:    Fedhas [***...]
Gold:   741        SH:  0    Dex: 17    Spells: 18/21 levels left

rFire   . . .        n - +6 rapier (distort)
rCold   . . .        (no shield)
rNeg    + . .        b - +0 robe
rPois   .            c - +0 hat
rElec   .            (no cloak)
rCorr   .            (gloves unavailable)
SInv    +            (boots unavailable)
Will    +....        e - amulet of regeneration
Stlth   +++          h - ring of positive energy
HPRegen 1.09/turn    (no ring)
MPRegen 0.17/turn

%: no passive effects
@: about to teleport, very quick
A: very small, no large weapons, unfitting armour, see invisible, speed 3
a: Renounce Religion, Wall of Briars, Grow Ballistomycete


You were on level 2 of the Orcish Mines.
You worshipped Fedhas.
Fedhas was most pleased with you.
You visited 3 branches of the dungeon, and saw 13 of its levels.

You collected 741 gold pieces.

Inventory:

Hand Weapons
 n - a +6 rapier of distortion (weapon)
Armour
 b - a +0 robe (worn)
 c - a +0 hat (worn)
Jewellery
 e - an amulet of regeneration (around neck)
 h - a ring of positive energy (left hand)
Wands
 o - a wand of mindburst (4) (quivered)
 r - a wand of polymorph (11)
 t - a wand of flame (23)
 x - a wand of digging (4)
 B - a wand of paralysis (10)
 C - a wand of light (2)
Scrolls
 j - 3 scrolls of immolation
 m - 2 scrolls of enchant armour
 p - a scroll of poison
 s - a scroll of revelation
 v - a scroll of brand weapon
 w - a scroll of teleportation
Potions
 a - a potion of brilliance
 d - 2 potions of curing {unknown}
 f - 3 potions of haste {unknown}
 i - 2 potions of lignification {unknown}
 k - 4 potions of degeneration {unknown}
 l - a potion of invisibility {unknown}
 q - a potion of resistance {unknown}
 u - 2 potions of heal wounds {unknown}
 z - a potion of attraction {unknown}
 A - a potion of berserk rage {unknown}
 F - a potion of cancellation {unknown}


   Skills:
 + Level 6.8 Fighting
 + Level 9.6 Short Blades
 + Level 11.7 Dodging
 - Level 5.8 Stealth
 - Level 5.5 Spellcasting
 - Level 0.6 Conjurations
 - Level 0.7 Summonings
 - Level 4.6 Translocations
 - Level 10.0 Evocations


You had 18 spell levels left.
You knew the following spells:

 Your Spells              Type           Power      Damage    Failure   Level
a - Magic Dart            Conj           28%        1d4       10%         1
b - Blink                 Tloc           42%        N/A       2%          2

Your spell library contained the following spells:

 Spells                   Type           Power      Damage    Failure   Level
 Gell's Gravitas          Tloc           21%        N/A       5%          3
 Teleport Other           Tloc           21%        N/A       5%          3
 Necrotise                Necr           16%        1d4       13%         1
 Sandblast                Erth           8%         2d5       13%         1
 Slow                     Hex            16%        N/A       13%         1
 Call Imp                 Summ           14%        N/A       14%         2
 Vhi's Electric Charge    Tloc/Air       26%        N/A       14%         3
 Cigotuvi's Dreadful Rot  Necr/Pois/Air  8%         N/A       19%         2
 Ensorcelled Hibernation  Hex/Ice        8%         N/A       19%         2
 Passwall                 Tmut/Erth      3%         N/A       19%         2
 Stone Arrow              Conj/Erth      12%        3d7       32%         3
 Mephitic Cloud           Conj/Pois/Air  5%         N/A       34%         3
 Swiftness                Air            4%         N/A       36%         3
 Vampiric Draining        Necr           4%         2d6       36%         3
 Dispersal                Tloc           10%        N/A       96%         6
 Arcjolt                  Conj/Air       3%         1d13      97%         5
 Agony                    Necr           4%         N/A       98%         5
 Plasma Beam              Fire/Air       2%         2x1d12    100%        6
 Maxwell's Capacitive Co  Air            2%         ∞         100%        8


Dungeon Overview and Level Annotations

Branches:
Dungeon (10/15)            Temple (1/1) D:7            Lair (0/5) D:10
    Orc (2/2) D:10            Elf (0/3) Orc:2

Altars:
Ashenzari
Cheibriados
Fedhas
Hepliaklqana
Kikubaaqudgha
Makhleb
Nemelex Xobeh
Okawaru
Sif Muna
Trog
Uskayaw
Vehumet
Wu Jian
Yredelemnul
Zin
The Shining One

Shops:
D:1 (   D:6 *   D:7 [   Orc:2 :


Innate Abilities, Weirdness & Mutations

You are very small and have problems with some larger weapons.
You are too small for most types of armour.
You have supernaturally acute eyesight. (SInv)
You cover ground extremely quickly. (Speed+++)


Message History

You hear a shout!
The orc warrior shoots a bolt.
The bolt hits you.
* * * LOW HITPOINT WARNING * * *
The orc warrior hits your briar patch with a +0 scimitar of holy wrath!
The orc warrior shoots an arrow.
The arrow closely misses you.
The orc warrior hits your briar patch with a +0 battleaxe!
The orc warrior hits your briar patch but does no damage.
The orc warrior hits your briar patch with a +0 battleaxe.
The tengu picks up a +0 orcbow.
The tengu wields a +0 orcbow.
The orc warrior hits your briar patch with a +0 scimitar of holy wrath.
The orc warrior shoots an arrow.
The arrow closely misses you.
The orc warrior hits your briar patch with a +0 battleaxe.
Your briar patch is destroyed!
Your briar patch disappears in a puff of smoke!
The orc warrior hits your briar patch with a +0 battleaxe.
The orc warrior hits your briar patch but does no damage.
The tengu shoots an arrow.
The arrow completely misses you.
An orc comes into view. It is wielding a +4 orcbow.
The orc shouts!
Items here: )))) ÷÷÷.
As you read the scroll of teleportation, it crumbles to dust.
You feel strangely unstable.
The orc warrior is struck by your briar patch's thorns.
The orc warrior hits your briar patch with a +0 scimitar of holy wrath!
The orc warrior shoots an arrow.
The arrow completely misses you.
The orc shoots an arrow.
The arrow completely misses you.
You feel stable enough to blink again.
The orc warrior is struck by your briar patch's thorns.
The orc warrior hits your briar patch with a +0 scimitar of holy wrath!
The orc warrior shoots an arrow.
The arrow misses you.
The orc shoots an arrow.
The arrow hits you!
* * * LOW HITPOINT WARNING * * *
The tengu shoots an arrow.
The arrow completely misses you.
The orc warrior unwields a +0 battleaxe.
The orc warrior wields a +0 orcbow.
The orc warrior shoots an arrow.
The arrow completely misses you.
The orc shoots an arrow.
The arrow misses you.
The orc warrior shoots an arrow.
The arrow hits you.
You die...
Fedhas appreciates your contribution to the ecosystem.

..............).................#
...#..........................#..
.................................
............).)..#..#......#.....
...............)................#
..###............#.......).......
...##................#######.#..#
....#.........)......#.....##...#
............o).)@[...#.._..###...
.....<.....[.)...[...#.....# ##.#
....#.........#.#)...###'########
...........#.####..)..8[..8..#
.##.........o#.##...........##
^#....#.........#............##
..#.................PPP.......# #
.####.#...##.....o[.Po#......## #
## ####.##......o#Qo.P......####


You could see 2 orc warriors and an orc.

Vanquished Creatures
  A two-headed ogre (D:10)
  A glowing orange brain (Orc:2)
  An orc sorcerer (Orc:1)
  A komodo dragon (D:10)
  A vampire (D:10)
  A yak (D:9)
  4 steam dragons
  An acid dragon (D:9)
  3 vampire mosquitoes (D:10)
  Edmund (D:5)
  3 water moccasins
  Duvessa (D:6)
  An ice beast (D:5)
  A black bear (D:7)
  11 orc warriors
  4 sky beasts
  3 ogres
  The ghost of IYTBazzie the Firebug, an amateur AtFE (D:3)
  8 centaurs
  A kobold brigand (D:3)
  A gnoll sergeant (D:8)
  2 scorpions
  12 wights (D:7)
  Dowan (D:6)
  3 howler monkeys
  2 hounds (D:6)
  A human zombie (D:3)
  2 jellies
  9 orc priests
  Crazy Yiuf (D:6)
  Jessica (D:3)
  6 orc wizards
  Terence (D:2)
  5 iguanas
  6 gnolls
  3 adders
  3 shadow imps
  A white imp (D:6)
  8 dart slugs
  3 worms
  57 orcs
  4 ball pythons
  9 bats
  An endoplasm (D:3)
  6 giant cockroaches
  5 goblins
  8 hobgoblins
  12 jackals
  20 kobolds
  A quokka (D:3)
  3 frilled lizards (D:1)
  A kobold skeleton (D:3)
  2 kobold zombies (D:3)
  5 rats
254 creatures vanquished.

Vanquished Creatures (others)
  An orc (D:10)
1 creature vanquished.

Grand Total: 255 creatures vanquished

Notes
Turn   | Place    | Note
-------+----------+-------------------------------------------
     0 | D:1      | Moral the Spriggan Hedge Wizard began the quest for the
                  | Orb.
     0 | D:1      | Reached XP level 1. HP: 9/9 MP: 6/6
    15 | D:1      | Found Raupp's Weapon Shoppe.
   429 | D:1      | Reached XP level 2. HP: 13/13 MP: 5/8
   466 | D:1      | Learned a level 2 spell: Blink
   492 | D:1      | Reached skill level 3 in Dodging
  1027 | D:1      | Reached skill level 1 in Short Blades
  1414 | D:2      | Reached XP level 3. HP: 16/16 MP: 5/9
  1482 | D:2      | Noticed Terence
  1792 | D:2      | Killed Terence
  1986 | D:2      | Reached XP level 4. HP: 21/21 MP: 3/11
  3121 | D:3      | Noticed Jessica
  3206 | D:3      | Killed Jessica
  3301 | D:3      | Reached XP level 5. HP: 23/24 MP: 5/13
  3458 | D:3      | Found a runed translucent door.
  3458 | D:3      | Noticed a human
  3461 | D:3      | Found a basalt altar of Yredelemnul.
  3929 | D:3      | Noticed IYTBazzie's ghost (amateur AtFE)
  3931 | D:3      | Found a runed translucent gate.
  3931 | D:3      | Found a runed translucent gate.
  3931 | D:3      | Found a runed translucent gate.
  4019 | D:3      | Reached skill level 4 in Dodging
  4019 | D:3      | Reached skill level 5 in Stealth
  4019 | D:3      | Reached skill level 5 in Spellcasting
  4183 | D:3      | Killed IYTBazzie's ghost
  4184 | D:3      | Reached XP level 6. HP: 27/28 MP: 15/15
  5423 | D:5      | Entered Level 5 of the Dungeon
  5589 | D:5      | Noticed an ice beast
  5600 | D:5      | Killed an ice beast
  5601 | D:5      | Reached skill level 1 in Fighting
  5601 | D:5      | Reached skill level 5 in Dodging
  5601 | D:5      | Reached skill level 1 in Evocations
  5601 | D:5      | Reached XP level 7. HP: 25/33 MP: 16/16
  5660 | D:5      | Noticed Edmund
  5669 | D:5      | Killed Edmund
  5969 | D:5      | Reached skill level 6 in Dodging
  6265 | D:6      | Reached XP level 8. HP: 39/39 MP: 17/17
  6296 | D:6      | Found a shimmering blue altar of Sif Muna.
  6303 | D:6      | Noticed a troll
  6333 | D:6      | Banished a troll
  6334 | D:6      | Reached skill level 5 in Short Blades
  6460 | D:6      | Found Gygy's Gadget Gallery.
  6486 | D:6      | Noticed Duvessa
  6486 | D:6      | Noticed Dowan
  6487 | D:6      | Found a snail-covered altar of Cheibriados.
  6497 | D:6      | Killed Duvessa
  6501 | D:6      | Killed Dowan
  6502 | D:6      | Reached skill level 7 in Dodging
  6655 | D:6      | Reached skill level 5 in Evocations
  6770 | D:6      | Found a runed translucent door.
  6771 | D:6      | Noticed Crazy Yiuf
  6867 | D:6      | Killed Crazy Yiuf
  7075 | D:7      | Reached XP level 9. HP: 20/45 MP: 18/18
  7206 | D:7      | Found a staircase to the Ecumenical Temple.
  7219 | Temple   | Entered the Ecumenical Temple
  7333 | Temple   | Became a worshipper of Fedhas Madash
  7395 | D:7      | Reached skill level 8 in Dodging
  7723 | D:7      | Found Neon's Armour Shoppe.
  8180 | D:8      | Found an iron altar of Okawaru.
  8236 | D:8      | Reached skill level 9 in Dodging
  8244 | D:8      | Reached * piety under Fedhas
  8334 | D:8      | Found a hazy altar of Hepliaklqana.
  8334 | D:8      | Found a faded altar of an unknown god.
  8342 | D:8      | Found an ornate altar of the Wu Jian Council.
  8344 | D:8      | Found a faded altar of an unknown god.
  8346 | D:8      | Found a burning altar of Makhleb.
  8922 | D:9      | Found an ancient bone altar of Kikubaaqudgha.
  8983 | D:9      | Reached skill level 5 in Fighting
  9092 | D:9      | Reached XP level 10. HP: 50/51 MP: 19/19
  9334 | D:9      | You fall into a shaft and drop 1 floor!
  9334 | D:10     | Entered Level 10 of the Dungeon
  9350 | D:10     | Found a staircase to the Lair.
  9395 | D:10     | Noticed a two-headed ogre
  9410 | D:10     | Killed a two-headed ogre
  9411 | D:10     | Reached skill level 10 in Dodging
  9676 | D:10     | Found a staircase to the Orcish Mines.
  9682 | D:10     | Reached ** piety under Fedhas
  9859 | D:10     | Paralysed by a hornet for 2 turns
  9970 | D:10     | Paralysed by a hornet for 3 turns
 10789 | Orc:1    | Entered Level 1 of the Orcish Mines
 10847 | Orc:1    | Noticed an orc sorcerer
 10854 | Orc:1    | Killed an orc sorcerer
 10855 | Orc:1    | Reached skill level 11 in Dodging
 10953 | Orc:2    | Entered Level 2 of the Orcish Mines
 11035 | Orc:2    | Reached *** piety under Fedhas
 11089 | Orc:2    | Reached skill level 10 in Evocations
 11126 | Orc:2    | Found Xaweid's Book Shoppe.
 11140 | Orc:2    | Noticed an orc knight
 11141 | Orc:2    | Found a staircase to the Elven Halls.
 11203 | Orc:2    | Banished an orc knight
 11204 | Orc:2    | Reached XP level 11. HP: 58/58 MP: 20/20
 11287 | Orc:2    | Noticed an orc knight
 11445 | Orc:2    | an orc knight changed into a glowing orange brain
 11445 | Orc:2    | Noticed a glowing orange brain
 11452 | Orc:2    | Killed a glowing orange brain
 11597 | Orc:2    | Shot with an arrow by an orc warrior

Illustrated notes

Levels and vault maps discovered:
D:1:      dpeg_arrival_long_road, layout_basic, serial_shops,
          nicolae_shop_bloodbath_and_beyond
D:2:      layout_basic, uniq_terence
D:3:      layout_basic, dk_yredelemnul_ordeal, gammafunk_ghost_nasty_kobolds,
          grunt_ministairs_11, supply_closet_lemuel, uniq_jessica
D:4:      layout_basic
D:5:      layout_gridville, uniq_edmund
D:6:      layout_rooms, kennysheep_slug_shrine, nicolae_sif_muna_condensation,
          nicolae_shop_gadgets, uniq_duvessa, uniq_crazy_yiuf_cottage
D:7:      layout_gridville, temple_green, serial_shops, nicolae_lakefront_shop
D:8:      layout_basic, okawaru_metal_pillars_3,
          chequers_temple_overflow_minitemple
D:9:      layout_stronghold, nicolae_kikubaaqudgha_miasma_corner
D:10:     layout_irregular_city, david_lair_shrubbed, david_orc_5,
          grunt_ministairs_14
Temple:   dpeg_chambers_temple
Orc:1:    dreamdust_dug_too_deep, layout_caves, uniq_erica
Orc:2:    st_orc_rangers, layout_caves, serial_shops, shop, minmay_orc_temple_a

Skill      XL: |  1  2  3  4  5  6  7  8  9 10 |
---------------+-------------------------------+-----
Translocations | 2 3 4 |  4.6
Dodging        | 3 4 5 6 7 9 11 | 11.7
Short Blades   | 1 2 3 4 5 7 9 |  9.6
Stealth        | 4 5 |  5.8
Spellcasting   | 5 |  5.5
Fighting       | 1 2 3 5 6 |  6.8
Evocations     | 1 3 5 8 10 | 10.0
Conjurations   | |  0.6
Summonings     | |  0.7

Action                     |  1- 3 |  4- 6 |  7- 9 | 10-12 || total
---------------------------+-------+-------+-------+-------++-------
  Melee: Dagger            |    90 |     4 |       |       ||    94
         Punch             |     3 |       |     6 |     2 ||    11
         Short sword       |       |   103 |       |       ||   103
         Rapier            |       |    49 |   192 |   246 ||   487
   Cast: Magic Dart        |    86 |   122 |     9 |       ||   217
         Blink             |     3 |       |       |     1 ||     4
 Invoke: Wall of Briars    |       |       |       |     1 ||     1
  Evoke: Wand              |       |       |     4 |    14 ||    18
    Use: Scroll            |     3 |     6 |     4 |     9 ||    22
         Potion            |     1 |       |       |       ||     1
   Stab: Sleeping          |       |    13 |    12 |     3 ||    28
         Distracted        |       |       |     1 |     1 ||     2
 Armour: Robe              |    17 |     5 |    11 |     9 ||    42
  Dodge: Dodged            |    97 |    88 |   152 |   270 ||   607

Table legend: (Time is in decaauts)
 A = Elapsed time spent in this place.
 B = Non-inter-level travel time spent in this place.
 C = Inter-level travel time spent in this place.
 D = Time resting spent in this place.
 E = Time spent auto-exploring this place.
 F = Levels seen in this place.
 G = Mean time per level.
                   A        B        C        D        E       F      G
               +--------+--------+--------+--------+--------+-----+--------+
         Total |   8185 |   8095 |     90 |    635 |   4484 |  13 |  629.6 |
       Dungeon |   7517 |   7427 |     90 |    513 |   4335 |  10 |  751.7 |
        Temple |     88 |     88 |      0 |      0 |      0 |   1 |   88.0 |
  Orcish Mines |    580 |    580 |      0 |    122 |    149 |   2 |  290.0 |
               +--------+--------+--------+--------+--------+-----+--------+

Top non-repeatable levels by time:
     D:3: 1440 daAuts
     D:1: 1041 daAuts
     D:2: 1006 daAuts
    D:10: 956 daAuts
     D:7: 608 daAuts
     D:5: 572 daAuts
     D:6: 551 daAuts
     D:4: 538 daAuts
     D:8: 529 daAuts
   Orc:2: 354 daAuts
     D:9: 272 daAuts
   Orc:1: 226 daAuts
  Temple: 88 daAuts
